 Dungeon Crawl Stone Soup version 0.27.1-3-gb3d3a73c9e (webtiles) character file.

Game seed: 13635328340546084963

3325 CuBeRJAN3 the Fighter (level 9, -1/74 HPs)
             Began as a Demonspawn Berserker on Oct 8, 2021.
             Was a Priest of Trog.
             Slain by a yak (6 damage)
             ... on level 7 of the Dungeon.
             The game lasted 00:30:05 (9712 turns).

CuBeRJAN3 the Fighter (Demonspawn Berserker)        Turns: 9712, Time: 00:30:06

Health: -1/74      AC: 13    Str: 20    XL:     9   Next: 71%
Magic:  9/9        EV: 13    Int: 10    God:    Trog [***...]
Gold:   344        SH:  4    Dex: 24    Spells: 8/8 levels left

rFire    . . .     SeeInvis .   a - +0 hand axe
rCold    . . .     Faith    .   (no shield)
rNeg     + . .     Spirit   .   h - +0 scale mail
rPois    .         Reflect  .   g - +0 helmet of Daarupsi {Rampage *Slow +Blink Dex+8}
rElec    .         Harm     .   (no cloak)
rCorr    .         Rampage  +   l - +0 pair of gloves
Will     .....                  (no boots)
Stlth    +++.......             (no amulet)
HPRegen  0.22/turn              f - ring of positive energy
MPRegen  0.11/turn              (no ring)

@: on berserk cooldown, hasted and slowed
A: claws 2, thin skeletal structure 2, icemail 1, condensation shield
a: Renounce Religion, Evoke Blink, Berserk, Trog's Hand


You were on level 7 of the Dungeon.
You worshipped Trog.
Trog was most pleased with you.
You visited 2 branches of the dungeon, and saw 9 of its levels.

You collected 344 gold pieces.

Inventory:

Hand Weapons
 a - a +0 hand axe (weapon)
Missiles
 s - a throwing net (quivered)
Armour
 b - a +0 animal skin
 d - a +1 helmet
 g - the +0 helmet of Daarupsi (worn) {Rampage *Slow +Blink Dex+8}
   (You found it on level 4 of the Dungeon)

   Dex:       It affects your dexterity (+8).
   +Blink:    It lets you blink.
   *Slow:     It may slow you when you take damage.
   Rampage:   It bestows one free step when moving towards enemies.
 h - a +0 scale mail (worn)
 l - a +0 pair of gloves (worn)
Jewellery
 f - a ring of positive energy (left hand)
Wands
 p - a wand of acid (7)
Scrolls
 e - 3 scrolls of teleportation
 j - a scroll of silence
 k - a scroll of magic mapping {unknown}
 n - a scroll of fear {unknown}
 r - a scroll of torment {unknown}
 t - 2 scrolls of amnesia {unknown}
 u - a scroll of fog {unknown}
Potions
 c - 2 potions of magic
 i - 3 potions of flight
 m - 2 potions of curing
 o - a potion of lignification
 q - a potion of might


   Skills:
 * Level 8.0 Fighting
 * Level 7.4 Axes
 + Level 5.2 Armour
 + Level 5.0 Dodging
 + Level 4.5 Evocations


You had 8 spell levels left.
You didn't know any spells.
Your spell library was empty.

Dungeon Overview and Level Annotations

Branches:
Dungeon (8/15)             Temple (1/1) D:7
   Lair: D:8-11

Altars:
Ashenzari
Elyvilon
Fedhas
Gozag
Hepliaklqana
Kikubaaqudgha
Makhleb
Nemelex Xobeh
Okawaru
Qazlal
Sif Muna
Trog
Uskayaw
Vehumet
Wu Jian
Yredelemnul
Zin
The Shining One

Shops:
D:7 =

Annotations:
D:3 Grinder
D:4 Eustachio
D:6 Dowan, Duvessa, Maggie
D:7 ring rCorr + ring AC+4, exclusion: 3 doors, fly's ghost, novice FoDe; kamnev09's ghost, novice MiBe


Innate Abilities, Weirdness & Mutations

You have very sharp fingernails.
You have a moderately thin skeletal structure. (Dex +4, Stealth++)
A meltable icy envelope protects you from harm. (AC +4)
A meltable shield of frost defends you. (SH +4)


Message History

You feel strangely unstable.
The wyvern hisses menacingly.
The wyvern misses you. The wyvern bites you.
* * * LOW HITPOINT WARNING * * *
The yak gores you but does no damage. You block the wyvern's attack.
The wyvern bites you but does no damage.
Your surroundings suddenly seem different. 3 yaks come into view.
Found 15 gold pieces, a potion of magic and 9 sling bullets.
Found a stone staircase leading up.
You hear the quick hiss of a very distant avalanche of sand.
You see here 7 gold pieces.
The yak bellows! x2; You hear a shout!
A yak comes into view.
The yak barely misses you. The yak closely misses you.
A yak comes into view.
The yak gores you but does no damage. 2 yaks come into view.
The yak bellows! x3; You hear a shout! x2
A wight comes into view. It is wielding a +0 flail.
You block the yak's attack.
There is a stone staircase leading up here.
The yak closely misses you. You block the yak's attack. x2
The yak closely misses you. The yak gores you.
* * * LOW HITPOINT WARNING * * *
You climb upwards.
Level annotation: ring rCorr + ring AC+4, exclusion: 3 doors, fly's ghost, novice FoDe; kamnev09's ghost, novice MiBe
There is a stone staircase leading down here.
The yak gores you.
* * * LOW HITPOINT WARNING * * *
The yak gores you!
* * * LOW HITPOINT WARNING * * *
Things that are here:
a +0 kite shield; a +0 ring mail; a +3 vampiric trident
Okay, then.
You feel yourself speed up. The yak gores you but does no damage.
The yak closely misses you. The yak gores you.
You die...

.# ##.##.###..##.#......# # .#
###.##.####.##.#....:.###### ##
##.#.##.........#...<........ #
##.#..##.####.####......###### #
#.###.##.####.###.......# # #
##.#.###...............## # #
#....<.).....###..#..## #
#####..####.##..)Y##..#>.########
................@[YY.............
#####(...)..##.#.###.##.<........
...............)#.......#########
#####....##.##.#.########
#.#####.##.#.# #............#
##############


You could see 3 yaks.

Vanquished Creatures
  A wyvern (D:7)
  4 yaks
  5 water moccasins
  A black bear (D:5)
  An ice beast (D:7)
  A sky beast (D:5)
  A necrophage (D:4)
  6 ogres
  Blork the orc (D:5)
  A gnoll sergeant (D:7)
  A bullfrog (D:7)
  A scorpion (D:5)
  A water moccasin zombie (D:6)
  A bullfrog zombie (D:6)
  A centaur zombie (D:8)
  8 hounds
  A jelly (D:6)
  Crazy Yiuf (D:7)
  A bullfrog skeleton (D:7)
  An orc priest (D:5)
  2 gnoll shamans (D:7)
  2 iguanas
  A scorpion zombie (D:5)
  2 orc wizards
  A hound skeleton (D:5)
  A howler monkey zombie (D:5)
  13 gnolls
  7 adders
  3 shadow imps
  2 white imps
  A worm (D:5)
  2 dart slugs (D:1)
  5 orcs
  3 bats
  11 endoplasms
  A giant cockroach (D:1)
  3 goblins
  4 hobgoblins
  4 jackals (D:1)
  2 quokkas (D:2)
  5 ball pythons (D:1)
  5 frilled lizards
  8 kobolds
  5 rats
132 creatures vanquished.

Vanquished Creatures (others)
  A fungus (D:8)
  63 plants
  5 withered plants (D:7)
69 creatures vanquished.

Grand Total: 201 creatures vanquished

Notes
Turn   | Place    | Note
-------+----------+-------------------------------------------
     0 | D:1      | CuBeRJAN3 the Demonspawn Berserker began the quest for the
                  | Orb.
     0 | D:1      | Reached XP level 1. HP: 18/18 MP: 1/1
   238 | D:1      | Gained mutation: You have sharp fingernails. [demonic
                  | ancestry]
   238 | D:1      | Reached XP level 2. HP: 16/24 MP: 2/2
   789 | D:1      | Gained mutation: A meltable shield of frost defends you.
                  | (SH +4) [demonic ancestry]
   789 | D:1      | Reached XP level 3. HP: 24/29 MP: 3/3
   876 | D:1      | Reached ** piety under Trog
  1423 | D:2      | Gained mutation: You have very sharp fingernails. [demonic
                  | ancestry]
  1423 | D:2      | Reached XP level 4. HP: 37/37 MP: 4/4
  2721 | D:3      | Noticed Grinder
  3117 | D:3      | Reached skill level 4 in Fighting
  3155 | D:3      | Found a hide-covered altar of Uskayaw.
  3156 | D:3      | Noticed a +0 hand axe
  3156 | D:3      | Noticed a +0 dagger
  3214 | D:3      | Reached XP level 5. HP: 42/42 MP: 5/5
  3403 | D:3      | Paralysed by Grinder for 4 turns
  3443 | D:4      | Noticed Eustachio
  3516 | D:4      | Identified the +0 helmet of Daarupsi {Rampage *Slow +Blink
                  | Dex+8}
  3669 | D:4      | Noticed a necrophage
  3689 | D:4      | Killed a necrophage
  3825 | D:4      | Gained mutation: A meltable icy envelope protects you from
                  | harm. (AC +4) [demonic ancestry]
  3825 | D:4      | Reached XP level 6. HP: 46/49 MP: 6/6
  4035 | D:4      | Noticed an orc warrior
  4059 | D:5      | Entered Level 5 of the Dungeon
  4260 | D:4      | HP: 2/50 [orc warrior (20)]
  4740 | D:5      | Reached skill level 5 in Fighting
  4740 | D:5      | Reached skill level 1 in Evocations
  4740 | D:5      | Gained mutation: You have a somewhat thin skeletal
                  | structure. (Dex +2, Stealth+) [demonic ancestry]
  4740 | D:5      | Reached XP level 7. HP: 56/56 MP: 7/7
  4858 | D:5      | Found a hazy altar of Hepliaklqana.
  5073 | D:5      | Found a burning altar of Makhleb.
  5263 | D:5      | Reached skill level 5 in Axes
  5586 | D:5      | Noticed Blork the orc
  5595 | D:5      | Killed Blork the orc
  5596 | D:5      | Reached XP level 8. HP: 64/64 MP: 8/8
  5682 | D:5      | Reached skill level 6 in Fighting
  6326 | D:6      | Noticed Maggie
  6877 | D:6      | Reached *** piety under Trog
  6986 | D:6      | Noticed Duvessa
  6986 | D:6      | Noticed Dowan
  7343 | D:7      | Found a staircase to the Ecumenical Temple.
  7364 | D:7      | Reached skill level 7 in Fighting
  7562 | Temple   | Entered the Ecumenical Temple
  7845 | D:7      | Gained mutation: You have a moderately thin skeletal
                  | structure. (Dex +4, Stealth++) [demonic ancestry]
  7845 | D:7      | Reached XP level 9. HP: 64/72 MP: 9/9
  8141 | D:7      | Found a runed translucent gate.
  8142 | D:7      | Found a runed translucent gate.
  8155 | D:7      | Found a runed translucent gate.
  8156 | D:7      | Noticed fly's ghost (novice FoDe)
  8156 | D:7      | Noticed kamnev09's ghost (novice MiBe)
  8906 | D:7      | Found Xiolom's Jewellery Shop.
  8995 | D:7      | Found a runed translucent door.
  8996 | D:7      | Noticed Crazy Yiuf
  9008 | D:7      | Killed Crazy Yiuf
  9501 | D:7      | Reached skill level 5 in Armour
  9684 | D:8      | Reached skill level 8 in Fighting
  9684 | D:8      | Reached skill level 5 in Dodging
  9712 | D:7      | Slain by a yak

Illustrated notes

Levels and vault maps discovered:
D:1:      lemuel_arrival_room, layout_basic, corexii_hall_statues_s,
          minivault_19
D:2:      layout_loops_cross, serial_bayou_crossing
D:3:      layout_basic, dancing_weapons_uskayaw, minmay_misc_feat_enclosed,
          minmay_crystal_water, minmay_goblin_kobold_house, uniq_grinder
D:4:      layout_layer_cave, chequers_temple_overflow_minitemple, uniq_eustachio
D:5:      layout_basic, lemuel_round_altar, mainiacjoe_overflow_catch_the_wave,
          st_stairs_7, grunt_ministairs_2, minmay_misc_feat_room,
          serial_bayou_ford_a, minmay_quadrilaterals, uniq_blork_the_orc
D:6:      layout_rooms, chequers_decorated_corner, minivault_5,
          kennysheep_small_spiral, uniq_maggie, uniq_duvessa
D:7:      layout_loops_ring, minmay_temple_entry_large_hall, serial_shops, shop,
          gammafunk_ghost_cemetery, uniq_crazy_yiuf_cottage
D:8:      layout_rooms, minmay_lair_entry_grove, nicolae_ossuary_entry_catacombs
Temple:   minmay_temple_curvy_branch

Skill      XL: |  1  2  3  4  5  6  7  8  9 |
---------------+----------------------------+-----
Armour         | 2 3 4 5 |  5.2
Axes           | 3 4 5 6 7 |  7.4
Dodging        | 2 3 4 5 |  5.0
Fighting       | 4 5 7 8 |  8.0
Evocations     | 1 2 3 4 |  4.5

Action                   |  1- 3 |  4- 6 |  7- 9 || total
-------------------------+-------+-------+-------++-------
Melee: Hand axe          |   104 |   206 |   460 ||   770
Invok: Berserk           |     1 |     3 |    15 ||    19
       Trog's Hand       |       |       |     1 ||     1
 Abil: Evoke Blink       |       |     2 |       ||     2
  Use: Scroll            |       |     3 |     5 ||     8
       Potion            |       |       |     1 ||     1
 Stab: Sleeping          |     4 |       |     1 ||     5
Armor: Animal skin       |    14 |     5 |       ||    19
       Scale mail        |       |    87 |   169 ||   256
Dodge: Dodged            |    53 |   125 |   240 ||   418
Block: Other             |     4 |    47 |    64 ||   115
